Map: Cactus Valley LE (Void)

Players

Railgan - Winner!

  • Race: Zerg Zerg
  • League: Grandmaster
  • Spawn Location: 11:00

RAiNMakeR

  • Race: Terran Terran
  • League: Master
  • Spawn Location: 7:00

VOD

Have the link to the VOD?

Description

Time

  • Played on: March 12, 2017, 6:47 p.m.
  • Length: 7:18
Show
View Real Time Build Order
Export as new Build Order

Railgan Zerg - Winner!

Build Orders: Pool First 

Get SALT Encoding   

  12  0:02  Drone  
  13  0:13  Overlord  
  13  0:18  Drone  
  14  0:31  Drone x2  
  17  0:35  Drone  
  17  0:47  Drone  
  18  0:51  Spawning Pool  
  18  0:56  Drone  
  18  1:13  Hatchery  
  18  1:14  Extractor  
  18  1:17  Drone  
  17  1:20  Drone  
  18  1:28  Drone  
  19  1:37  Queen  
  19  1:39  Zergling x2  
  22  1:49  Overlord  
  22  2:10  Drone  
  22  2:13  Drone, Queen  
  22  2:15  Metabolic Boost  
  26  2:24  Queen  
  26  2:26  Drone x2  
  30  2:35  Drone  
  31  2:42  Drone  
  32  2:44  Drone  
  32  2:46  Overlord  
  32  2:47  Drone x2  
  35  2:57  Evolution Chamber  
  35  2:58  Drone x2  
  35  3:12  Zergling x6  
  38  3:19  Zergling x2  
  39  3:20  Drone  
  39  3:23  Drone, Overlord  
  39  3:24  Drone x2  
  39  3:25  Drone  
  44  3:33  Zerg Ground Armor Level 1  
  44  3:42  Overlord  
  44  3:43  Zergling x4  
  44  3:47  Drone  
  47  3:48  Spine Crawler  
  47  3:49  Drone  
  47  3:56  Drone x2  
  47  3:57  Drone x2  
  47  3:59  Extractor  
  47  4:01  Extractor  
  49  4:06  Drone  
  49  4:07  Zergling x2  
  49  4:08  Drone  
  52  4:10  Lair  
  52  4:11  Drone  
  52  4:12  Extractor, Drone  
  53  4:26  Zergling x4  
  53  4:27  Drone  
  53  4:29  Drone, Zergling x2  
  58  4:37  Drone x3  
  58  4:38  Drone  
  59  4:41  Drone  
  59  4:45  Drone  
  54  4:59  Drone  
  55  5:00  Drone  
  56  5:10  Hydralisk Den  
  56  5:11  Zergling x4  
  57  5:16  Overlord  
  57  5:20  Zergling x6  
  57  5:21  Overlord, Hatchery  
  60  5:26  Queen  
  59  5:34  Overlord  
  59  5:37  Evolution Chamber, Drone  
  59  5:51  Hydralisk x3, Muscular Augments  
  65  5:59  Hydralisk  
  65  6:01  Hydralisk  
  65  6:02  Zergling x2  
  65  6:03  Zergling x8  
  65  6:04  Overlord  
  74  6:08  Overlord  
  71  6:14  Overlord  
  71  6:22  Overlord  
  71  6:27  Hydralisk x4  
  78  6:38  Hydralisk x3  
  83  6:41  Zergling x4  
  83  6:42  Zergling x2  
  86  6:49  Overlord  
  86  6:58  Overlord  
Show
View Real Time Build Order
Export as new Build Order

RAiNMakeR Terran 

Build Orders: Liberator Opening, Reaper Expand 

Get SALT Encoding   

  12  0:00  SCV  
  13  0:13  SCV  
  14  0:17  Supply Depot  
  14  0:25  SCV  
  15  0:39  SCV  
  15  0:40  Barracks  
  16  0:44  Refinery  
  16  0:51  SCV  
  17  1:03  SCV  
  18  1:15  SCV  
  19  1:27  Reaper, Orbital Command  
  20  1:43  Command Center  
  20  1:53  SCV  
  21  1:59  Marine  
  21  2:00  Supply Depot  
  22  2:06  SCV  
  23  2:10  Factory  
  23  2:21  SCV  
  23  2:22  Refinery  
  24  2:26  Barracks Reactor  
  24  2:33  SCV  
  24  2:46  SCV  
  25  2:55  Starport  
  25  2:58  SCV  
  26  3:04  Marine x2  
  30  3:06  Hellion  
  30  3:11  Barracks, SCV  
  31  3:14  Orbital Command  
  31  3:17  Liberator  
  31  3:36  Barracks Tech Lab  
  31  3:37  Hellion x2  
  31  3:40  SCV  
  39  3:42  SCV  
  40  3:51  Supply Depot  
  40  3:53  SCV  
  40  3:54  SCV  
  42  3:56  Marine, Stimpack  
  42  4:01  Barracks Reactor  
  43  4:12  Hellion  
  43  4:13  Hellion  
  43  4:14  SCV x2  
  43  4:15  Supply Depot  
  49  4:22  Marine  
  50  4:26  SCV  
  38  4:40  Marine, SCV  
  38  4:43  SCV  
  36  4:49  Bunker, Hellion  
  36  4:50  Medivac, Hellion, Marine  
  43  4:52  SCV  
  43  4:58  SCV  
  44  5:03  Marine x2  
  44  5:05  SCV  
  47  5:08  Marine  
  47  5:12  SCV  
  49  5:17  SCV  
  49  5:20  Viking  
  49  5:21  Marine  
  52  5:28  Marine  
  52  5:29  Marine  
  52  5:33  Hellion x2  
  58  5:36  SCV  
  58  5:37  SCV  
  58  5:39  Marine  
  61  5:50  Marine  
  61  5:56  Supply Depot x2  
  62  6:11  Starport Reactor  
  62  6:17  Marine x3  
  62  6:18  SCV  
  66  6:25  SCV  
  67  6:32  Command Center  
  67  6:35  Marine x2  
  67  6:36  Hellion  
  71  6:41  SCV  
  72  6:50  Armory  
Tags
 
Add a new tag
Caveats
  • Supply blocks, unpowered buildings, or Contaminate may cause inaccurate times.
  • Supply counts are checked every 10 seconds.